 Dungeon Crawl Stone Soup version 0.28-a0-512-g960c72b710 (webtiles) character file.

Game seed: 17250223444409771545

39 Lekart the Skirmisher (level 3, -6/33 HPs)
             Began as a Draconian Fighter on Sept 22, 2021.
             Mangled by Sigmund (7 damage)
             ... on level 2 of the Dungeon.
             The game lasted 00:01:27 (905 turns).

Lekart the Skirmisher (Draconian Fighter)            Turns: 905, Time: 00:01:28

Health: -6/33      AC:  5    Str: 18    XL:     3   Next: 28%
Magic:  4/4        EV: 12    Int:  8    God:
Gold:   38         SH:  4    Dex: 11    Spells: 3/3 levels left

rFire   . . .      SeeInvis .   a - +0 long sword
rCold   . . .      Faith    .   b - +0 buckler
rNeg    . . .      Spirit   .   (armour unavailable)
rPois   .          Reflect  .   (helmet restricted)
rElec   .          Harm     .   (no cloak)
rCorr   .          Rampage  .   (no gloves)
Will    .....                   (no boots)
Stlth   +.........              (no amulet)
HPRegen 0.11/turn               (no ring)
MPRegen 0.09/turn               (no ring)

@: mighty
A: AC +5, unfitting armour, cold-blooded
a: no special abilities


You were on level 2 of the Dungeon.
You visited 1 branch of the dungeon, and saw 2 of its levels.

You collected 38 gold pieces.

Inventory:

Hand Weapons
 a - a +0 long sword (weapon)
Armour
 b - a +0 buckler (worn)
Scrolls
 d - a scroll of vulnerability {unknown}


   Skills:
 + Level 3.6 Fighting
 + Level 2.5 Long Blades
 + Level 3.0 Dodging
 + Level 3.2 Shields
 * Level 0.9 Spellcasting


You had 3 spell levels left.
You didn't know any spells.
Your spell library contained the following spells:

 Spells                   Type           Power      Damage    Failure   Level
 Magic Dart               Conj           0%         1d3       41%         1
 Call Imp                 Summ           0%         N/A       56%         2
 Ensorcelled Hibernation  Hex/Ice        0%         N/A       56%         2
 Frozen Ramparts          Ice            0%         1d2       80%         3
 Mephitic Cloud           Conj/Pois/Air  0%         N/A       80%         3
 Tukima's Dance           Hex            0%         N/A       80%         3
 Ice Form                 Ice/Tmut       0%         N/A       99%         4
 Summon Ice Beast         Ice/Summ       0%         N/A       99%         4


Dungeon Overview and Level Annotations

Branches:
Dungeon (2/15)

Altars:

Shops:
D:1 [

Annotations:
D:2 Sigmund


Innate Abilities, Weirdness & Mutations

Your plain brown scales are hard. (AC +5)
You cannot fit into any form of body armour.
You are cold-blooded and may be slowed by cold attacks.


Message History

Your Dodging skill increases to level 3!
You have reached level 3!
Your experience leads to an increase in your attributes!
Increase (S)trength, (I)ntelligence, or (D)exterity?
You feel agile.
Your scales feel tougher.
Sigmund closely misses you. The hobgoblin misses you. The hobgoblin hits you.
The hobgoblin barely misses you.
The hobgoblin enters a dispersal trap!
Sigmund blinks!
The hobgoblin blinks! x3
You blink.
The hobgoblin blinks!
Sigmund points at you and mumbles some strange words.
You are confused.
Sigmund says, "Don't worry, I'll kill you fast."
Sigmund mumbles some strange words.
Sigmund flickers and vanishes!
Deactivating autopickup; reactivate with Ctrl-A.
The hobgoblin hits you but does no damage.
The hobgoblin barely misses you. Something hits you but does no damage.
The hobgoblin barely misses you. The hobgoblin completely misses you.
Something hits you.
* * * LOW HITPOINT WARNING * * *
You feel less confused. You block the hobgoblin's attack. Something hits you.
* * * LOW HITPOINT WARNING * * *
Okay, then.
You feel very mighty all of a sudden.
The hobgoblin hits you but does no damage.
Something completely misses you. The hobgoblin hits you.
* * * LOW HITPOINT WARNING * * *
You barely miss the hobgoblin. You tail-slap the hobgoblin.
You kill the hobgoblin!
The hobgoblin closely misses you.
The hobgoblin hits you but does no damage.
You slash the hobgoblin!
You kill the hobgoblin!
Something hits you.
* * * LOW HITPOINT WARNING * * *
Something hits you!
You die...

#...#.#### #.#.#
#.#.#.# #.#.#
#.#.#.# #.#.#
#<#.#.# #.#.#
###.#.####### #.#
..#.#.?...# #.#
#.#.#.(...# #.#
#.#.#.....# #.#
#.#†@...# #.#
#.#.....###.#.#
#...........#.#
#.....†..####.#
##.....^.####.#
........(.......#
...........######
...........#
...........#


There were no monsters in sight!

Vanquished Creatures
  An adder (D:2)
  A dart slug (D:1)
  4 bats (D:1)
  An endoplasm (D:1)
  4 goblins (D:1)
  7 hobgoblins
  A quokka (D:1)
  A frilled lizard (D:1)
  2 kobolds
  4 rats
26 creatures vanquished.

Notes
Turn   | Place    | Note
-------+----------+-------------------------------------------
     0 | D:1      | Lekart the Draconian Fighter began the quest for the Orb.
     0 | D:1      | Reached XP level 1. HP: 19/19 MP: 1/1
   229 | D:1      | Reached XP level 2. HP: 21/26 MP: 2/2
   250 | D:1      | Found Ynomyot's Armour Shoppe.
   885 | D:2      | Noticed Sigmund
   890 | D:2      | Reached XP level 3. HP: 13/33 MP: 4/4
   902 | D:2      | HP: 1/33 [hobgoblin (1)]
   905 | D:2      | Mangled by Sigmund

Illustrated notes

Levels and vault maps discovered:
D:1:      erik_arrival_triangle_medium, layout_loops_cross, serial_shops,
          nicolae_shop_temple_entry_statues_fountains
D:2:      layout_basic, basic_altar, uniq_sigmund, uniq_crazy_yiuf_cottage

Skill      XL: |  1  2 |
---------------+-------+-----
Dodging        | 3 |  3.0
Fighting       | |  3.6
Long Blades    | |  2.5
Shields        | |  3.2
Spellcasting   | |  0.9

Action                   || total
-------------------------++-------
Melee: Long sword        ||    47
       Tailslap          ||     8
  Use: Scroll            ||     1
       Potion            ||     1
 Stab: Distracted        ||     1
       Sleeping          ||     1
Armor: Skin              ||    15
Dodge: Dodged            ||    21
Block: Buckler           ||     8

Table legend: (Time is in decaauts)
 A = Elapsed time spent in this place.
 B = Non-inter-level travel time spent in this place.
 C = Inter-level travel time spent in this place.
 D = Time resting spent in this place.
 E = Time spent auto-exploring this place.
 F = Levels seen in this place.
 G = Mean time per level.
                   A        B        C        D        E       F      G
               +--------+--------+--------+--------+--------+-----+--------+
         Total |    919 |    894 |     25 |      0 |    733 |   2 |  459.5 |
       Dungeon |    919 |    894 |     25 |      0 |    733 |   2 |  459.5 |
               +--------+--------+--------+--------+--------+-----+--------+

Top non-repeatable levels by time:
     D:1: 846 daAuts
     D:2: 72 daAuts
